 Dungeon Crawl Stone Soup version 0.23-a0-494-g91793a9 (webtiles) character file.

7 zishaf the Caller (level 1, -2/7 HPs)
             Began as a Felid Summoner on Dec 3, 2018.
             Was an Initiate of Nemelex Xobeh.
             Slain by a hobgoblin
             ... wielding a +0 club
              (6 damage)
             ... on level 1 of the Dungeon.
             The game lasted 00:04:18 (707 turns).

zishaf the Caller (Felid Summoner)                   Turns: 707, Time: 00:04:20

Health: -2/7       AC:  1    Str:  4    XL:     1   Next: 83%
Magic:  2/4        EV: 18    Int: 16    God:    Nemelex Xobeh [......]
Gold:   27         SH:  0    Dex: 16    Spells: 3/4 levels left
                                        Lives:  0   Deaths: 0

rFire    . . .     SeeInvis +   (weapon unavailable)
rCold    . . .     Gourm    .   (shield unavailable)
rNeg     . . .     Faith    .   (armour unavailable)
rPois    .         Spirit   .   (helmet unavailable)
rElec    .         Reflect  .   (cloak unavailable)
rCorr    .         Harm     .   (gloves unavailable)
MR       .....                  (boots unavailable)
Stlth    +++.......             (no amulet)
HPRegen  0.02/turn              (no ring)
MPRegen  0.09/turn              (no ring)

@: quick
A: very small, no armour, no weapons or thrown items, stealth, claws 1, fangs 3,
see invisible, carnivore, speed 1, shaggy fur 1, slow metabolism 1, sharp paws
a: Renounce Religion


You were on level 1 of the Dungeon.
You worshipped Nemelex Xobeh.
Nemelex Xobeh was noncommittal.
You were very full.

You visited 1 branch of the dungeon, and saw 1 of its levels.

You collected 27 gold pieces.

Inventory:

Scrolls
 c - a scroll of identify {unknown}
 d - a scroll of fear {unknown}
Potions
 a - a potion of degeneration {unknown}
Miscellaneous
 e - a plain deck of summoning
Comestibles
 b - a ration


   Skills:
 * Level 3.0 Dodging
 * Level 3.1 Stealth
 - Level 2.0 Spellcasting
 + Level 4.0 Summonings
 + Level 0.0 Invocations


You had 3 spell levels left.
You knew the following spells:

 Your Spells              Type           Power        Failure   Level  Hunger
a - Summon Small Mammal   Summ           ##..         3%          1    #......

Your spell library contained the following spells:

 Spells                   Type           Power        Failure   Level  Hunger
 Call Imp                 Summ           ##......     6%          2    ###....
 Call Canine Familiar     Summ           ##......     12%         3    ###....
 Summon Guardian Golem    Hex/Summ       #.......     26%         3    ###....
 Summon Ice Beast         Ice/Summ       #.......     65%         4    #####..
 Summon Lightning Spire   Summ/Air       #.......     65%         4    #####..


Dungeon Overview and Level Annotations

Branches:
Dungeon (1/15)

Altars:
Nemelex Xobeh


Innate Abilities, Weirdness & Mutations

You cannot wear armour.
You are incapable of wielding weapons or throwing items.
Your paws allow you to move quietly. (Stealth)
You have sharp claws.
You have razor-sharp teeth.
You have supernaturally acute eyesight. (SInv)
You are carnivorous and can eat meat at any time.
You cover ground quickly.
You are covered in fur. (AC +1)
You have a slow metabolism.
Your sharp claws are effective at attacking unaware monsters.


Message History

Your bat hits the hobgoblin but does no damage.
Your bat hits the hobgoblin.
Your bat closely misses the hobgoblin. x2
Your bat hits the hobgoblin but does no damage.
The hobgoblin barely misses your bat.
Your bat barely misses the hobgoblin.
Your bat hits the hobgoblin.
The hobgoblin hits your bat but does no damage.
Your bat closely misses the hobgoblin.
Your bat hits the hobgoblin but does no damage.
The hobgoblin hits your bat with a +0 club.
Your bat dies!
Your bat's corpse disappears in a puff of smoke!
The hobgoblin shouts!
Your bat closely misses the hobgoblin.
You scratch the hobgoblin but do no damage.
The hobgoblin is almost dead.
Your bat disappears in a puff of smoke!
The hobgoblin hits you with a +0 club.
Ouch! That really hurt!
You die...
Your body disappears without a glow.

......# #..........#
#####.# #.##.[.###.# #.#
#.##.#.# #.# #.#
#.##.#.###.# ## #.#
#.##.#.#...# .. #.#
#......#.###.###
#####'###......§........
....)..##.....#...###.##
.......##.....§g@.###
.......##.........'.#
......###......§..#.#
.[....# #.##'#....# #
......# #.##.#.#'##
......# #.##.#.#.#
#####.# #.##.#.#.# #.#
#.....(..##.
##.####..........


You could see a hobgoblin.

Vanquished Creatures
  2 goblins (D:1)
  A ball python (D:1)
3 creatures vanquished.

Vanquished Creatures (collateral kills)
  A bat (D:1)
  A goblin (D:1)
  3 hobgoblins (D:1)
5 creatures vanquished.

Grand Total: 8 creatures vanquished

Notes
Turn   | Place    | Note
-------+----------+-------------------------------------------
     0 | D:1      | zishaf the Felid Summoner began the quest for the Orb.
     0 | D:1      | Reached XP level 1. HP: 7/7 MP: 4/4
   299 | D:1      | Found a sparkling altar of Nemelex Xobeh.
   309 | D:1      | Became a worshipper of Nemelex Xobeh the Trickster
   463 | D:1      | Received a gift from Nemelex Xobeh
   707 | D:1      | Slain by a hobgoblin

Vault maps used:
D:1:      dpeg_arrival_shelter, nemelex_xobeh_ov_fountains_minmay

Skill      XL: |  1 |
---------------+----+-----
Stealth        | 3 |  3.1
Dodging        | 3 |  3.0
Spellcasting   | |  2.0
Summonings     | |  4.0

Action                   || total
-------------------------++-------
Melee: Unarmed           ||    14
 Cast: Summon Small Mamm ||    19
 Stab: Sleeping          ||     2
  Eat: Chunk             ||     5
Armor: Skin              ||     3
Dodge: Dodged            ||    16

Table legend:
 A = Non-vault XP
 B = Vault XP
 C = Vault XP percentage of total XP
 D = Non-vault monster count
 E = Vault monster count
 F = Vault count percentage of total count
                 A         B        C        D         E       F
            +---------+---------+-------+---------+---------+-------
      Total |      10 |       0 |   0.0 |       8 |       0 |   0.0
            +---------+---------+-------+---------+---------+-------
        D:1 |      10 |       0 |   0.0 |       8 |       0 |   0.0
            +---------+---------+-------+---------+---------+-------
